 Dungeon Crawl Stone Soup version 0.23-a0-629-gae4348f (webtiles) character file.

30 Lanoc the Ducker (level 3, 0/27 HPs)
             Began as a Merfolk Arcane Marksman on Dec 26, 2018.
             Was an Initiate of Okawaru.
             Slain by an orc
             ... wielding a +0 club
              (3 damage)
             ... on level 1 of the Dungeon.
             The game lasted 00:03:28 (1600 turns).

Lanoc the Ducker (Merfolk Arcane Marksman)          Turns: 1600, Time: 00:03:29

Health: 0/27       AC:  2    Str: 16    XL:     3   Next: 18%
Magic:  4/4        EV: 13    Int: 17    God:    Okawaru [......]
Gold:   3          SH:  0    Dex: 14    Spells: 3/4 levels left

rFire    . . .     SeeInvis .   n - +0 spear
rCold    . . .     Gourm    .   (no shield)
rNeg     . . .     Faith    .   a - +0 robe
rPois    .         Spirit   .   (no helmet)
rElec    .         Reflect  .   (no cloak)
rCorr    .         Harm     .   (no gloves)
MR       .....                  (no boots)
Stlth    +.........             (no amulet)
HPRegen  0.09/turn              (no ring)
MPRegen  0.09/turn              (no ring)

@: mighty, brilliant, flying
A: change form in water, swift swim, stealthy swim
a: Renounce Religion


You were on level 1 of the Dungeon.
You worshipped Okawaru.
Okawaru was noncommittal.
You were not hungry.

You visited 1 branch of the dungeon, and saw 2 of its levels.

You collected 3 gold pieces.

Inventory:

Hand Weapons
 i - a +0 dagger
 n - a +0 spear (weapon)
Missiles
 c - 4 javelins (quivered)
 d - a throwing net
 l - 9 poisoned needles
Armour
 a - a +0 robe (worn)
Scrolls
 j - a scroll of remove curse {unknown}
 k - a scroll of enchant weapon {unknown}
 o - a scroll of enchant armour {unknown}
Potions
 e - a potion of flight
 h - 2 potions of resistance {unknown}
 m - a potion of invisibility {unknown}
 p - a potion of curing {unknown}
Comestibles
 f - 2 rations


   Skills:
 + Level 2.0 Fighting
 * Level 0.7 Polearms
 + Level 2.5 Throwing
 + Level 3.4 Dodging
 - Level 1.0 Spellcasting
 - Level 3.0 Hexes


You had 3 spell levels left.
You knew the following spells:

 Your Spells              Type           Power        Failure   Level  Hunger
a - Corona                Hex            ###....      1%          1    ##.....

Your spell library contained the following spells:

 Spells                   Type           Power        Failure   Level  Hunger
 Slow                     Hex            ###.....     1%          2    ###....
 Inner Flame              Hex/Fire       ###.....     4%          3    ####...
 Portal Projectile        Hex/Tloc       ###...       4%          3    ####...
 Cause Fear               Hex            ###.......   7%          4    #####..
 Leda's Liquefaction      Hex/Erth       ###.......   13%         4    #####..


Dungeon Overview and Level Annotations

Branches:
Dungeon (2/15)

Altars:
Okawaru


Message History

You hit the orc.
The orc is heavily wounded.
The orc closely misses you. The orc hits you.
It was a potion of brilliance.
You feel clever all of a sudden. The orc hits you but does no damage. x2
It was a potion of flight.
You feel very buoyant.
You fly up into the air.
The orc barely misses you. The orc misses you.
It was a potion of might.
You feel very mighty all of a sudden. The orc hits you with a +0 club.
* * * LOW HITPOINT WARNING * * *
The orc hits you.
* * * LOW HITPOINT WARNING * * *
You hit the orc.
You kill the orc!
Okawaru accepts your kill. The orc hits you with a +0 club.
You die...

#............# # #............#
# #............# #
#............# # #............#
# ######'####.## ####### #.# #.#
#.....##########†# #.#
.........(....bo@####.#
#......###########....#
.......###########.#### ###
.###.............#.#.### #.# .#
#...........#.#.#...######.##
.###...........+.....#.........#
...............###.#.#.######.##
.....#'#...........#.#.#.####.#
.....#.#......(###.#.#........#


You could see an orc and a bat.

Vanquished Creatures
  A leopard gecko (D:1)
  An orc (D:1)
  A giant cockroach (D:1)
  6 goblins (D:1)
  5 hobgoblins (D:1)
  2 bats (D:1)
  A frilled lizard (D:1)
  6 kobolds (D:1)
  A rat (D:1)
24 creatures vanquished.

Notes
Turn   | Place    | Note
-------+----------+-------------------------------------------
     0 | D:1      | Lanoc the Merfolk Arcane Marksman began the quest for the
                  | Orb.
     0 | D:1      | Reached XP level 1. HP: 15/15 MP: 2/2
   379 | D:1      | Reached XP level 2. HP: 20/21 MP: 1/3
   975 | D:1      | Reached XP level 3. HP: 14/27 MP: 4/4
  1238 | D:1      | Found an iron altar of Okawaru.
  1315 | D:1      | Became a worshipper of Warmaster Okawaru
  1600 | D:1      | Slain by an orc

Vault maps used:
D:1:      sevenhm_arrival_forest_fort_large_3, okawaru_ov_weapons_minmay
D:2:      nicolae_ru_the_path_less_chosen,
          chequers_ecumenical_altar_simple_redux, first_ration, uniq_robin

Skill      XL: |  1  2 |
---------------+-------+-----
Dodging        | 3 |  3.4
Fighting       | 2 |  2.0
Polearms       | |  0.7
Throwing       | |  2.5
Spellcasting   | |  1.0
Hexes          | |  3.0

Action                   || total
-------------------------++-------
Melee: Unarmed           ||    22
       Dagger            ||    56
       Spear             ||    16
Throw: Javelin           ||    24
       Throwing net      ||     2
 Cast: Corona            ||     5
  Use: Potion            ||     3
 Stab: Held in net/web   ||     2
       Sleeping          ||     1
  Eat: Chunk             ||     2
Armor: Robe              ||    19
Dodge: Dodged            ||    77

Table legend:
 A = Non-vault XP
 B = Vault XP
 C = Vault XP percentage of total XP
 D = Non-vault monster count
 E = Vault monster count
 F = Vault count percentage of total count
                 A         B        C        D         E       F
            +---------+---------+-------+---------+---------+-------
      Total |      43 |       0 |   0.0 |      24 |       0 |   0.0
            +---------+---------+-------+---------+---------+-------
        D:1 |      43 |       0 |   0.0 |      24 |       0 |   0.0
            +---------+---------+-------+---------+---------+-------
